 Dungeon Crawl Stone Soup version 0.19-a0-1786-g230130f (webtiles) character file.

1 esc the Sneak (level 1, 0/9 HPs)
             Began as a Spriggan Enchanter on Oct 3, 2016.
             Slain by an ooze (4 damage)
             ... on level 1 of the Dungeon.
             The game lasted 00:00:25 (61 turns).

esc the Sneak (Spriggan Enchanter)                    Turns: 61, Time: 00:00:25

Health: 0/9        AC:  3    Str:  4    XL:     1   Next: 16%
Magic:  4/5        EV: 18    Int: 16    God:
Gold:   8          SH:  0    Dex: 16    Spells: 1 memorised, 4 levels left

rFire  . . .     SeeInvis +     a - +1 dagger
rCold  . . .     Gourm    .     b - +1 robe
rNeg   . . .     Faith    .     (shield restricted)
rPois  .         Spirit   .     (helmet restricted)
rElec  .         Dismiss  .     (no cloak)
rCorr  .         Reflect  .     (gloves unavailable)
MR     .....     Harm     .     (boots unavailable)
Stlth  +++.......               (no amulet)
                                (no ring)
                                (no ring)

@: very quick
A: unfitting armour, see invisible, herbivore 3, speed 3, slow metabolism 2
a: no special abilities


You were on level 1 of the Dungeon.
You were not hungry.

You visited 1 branch of the dungeon, and saw 1 of its levels.

You collected 8 gold pieces.

Inventory:

Hand Weapons
 a - a +1 dagger (weapon)
Armour
 b - a +1 robe (worn)
Books
 c - a book of Maledictions
Comestibles
 d - a bread ration {@e1}


   Skills:
 + Level 1.1 Short Blades
 + Level 3.0 Dodging
 + Level 4.4 Stealth
 + Level 2.7 Spellcasting
 + Level 3.7 Hexes


You had 4 spell levels left.
You knew the following spells:

 Your Spells              Type           Power        Failure   Level  Hunger
v - Corona                Hex            ##.....      6%          1    #......


Dungeon Overview and Level Annotations

Branches:
Dungeon (1/15)

Altars:


Innate Abilities, Weirdness & Mutations

You are very small and have problems with some larger weapons.
You are too small for most types of armour.
You have supernaturally acute eyesight. (SInv)
You are a herbivore.
You cover ground extremely quickly.
You need consume almost no food.


Message History

Welcome, esc the Spriggan Enchanter.
It is said that the Orb of Zot exists deep within this dungeon.
Found a chain mail and 8 gold pieces.
Found a staircase leading out of the dungeon.
You now have 8 gold pieces.
You open the gate.
There is an open gate here.
A giant cockroach comes into view.
The helpless giant cockroach fails to defend itself.
You impale the giant cockroach!!
You kill the giant cockroach!
Found a stone staircase leading down.
You found a shaft!
You open the door.
There is an open door here.
An ooze comes into view.
The ooze quivers.
The ooze hits you.
Ouch! That really hurt!
You take 5 damage, and have 4/9 hp.
MASSIVE DAMAGE!!
Aim: an ooze (chance to defeat MR: 50%)
The ooze is outlined in light.
The ooze barely misses you.
You now have 4/5 mp.
You hit the ooze. The ooze hits you but does no damage.
You completely miss the ooze. The ooze barely misses you.
You hit the ooze but do no damage. The ooze misses you.
You hit the ooze. The ooze hits you.
You die...

#♣.♣# ♣..>. ♣♣...♣♣♣..... #
............. .#
...#....#... #####.#
.)........#.. #.....#
............ #.....#
##.#....####.######.....#
...#...^#......J........###
##.#....# #..@.......!..
#.#....# #.####.)..###
#.#....# # #.'....+
#.####.# #.#....# #.# #.#
#.###### ##.# #.# #.# ...##
#.# #.# ....###.#########.#
#'''##............#


You could see an ooze.

Vanquished Creatures
  A giant cockroach (D:1)
1 creature vanquished.

Notes
Turn   | Place    | Note
-------+----------+-------------------------------------------
     0 | D:1      | esc the Spriggan Enchanter began the quest for the Orb.
     0 | D:1      | Reached XP level 1. HP: 9/9 MP: 5/5
    61 | D:1      | Slain by an ooze

Vault maps used:
D:1:      kennysheep_arrival_forest, minmay_stone_trees_medium

Action                   || total
-------------------------++-------
Melee: Dagger            ||     5
 Cast: Corona            ||     1
 Stab: Sleeping          ||     1
Armor: Robe              ||     1
Dodge: Dodged            ||     3

Vault maps used:
D:1:      kennysheep_arrival_forest, minmay_stone_trees_medium

Table legend:
 A = Turns spent in this place as a percentage of turns spent in the entire game.
 B = Non-inter-level travel turns spent in this place as a percentage of non-inter-level travel turns spent in the entire game.
 C = Inter-level travel turns spent in this place as a percentage of turns spent in this place.
 D = Turns resting spent in this place as a percentage of non-inter-level travel turns spent in this place.
 E = Turns spent auto-exploring this place as a percentage of non-inter-level travel turns spent in this place.
 F = Non-inter-level travel turns spent in this place divided by the number of levels of this place that you've seen.
                   A       B       C       D       E      F
               +-------+-------+-------+-------+-------+----------------------
         Total | 100.0 | 100.0 |   0.0 |   0.0 |  23.1 |  13.0
       Dungeon | 100.0 | 100.0 |   0.0 |   0.0 |  23.1 |  13.0
               +-------+-------+-------+-------+-------+----------------------

Table legend:
 A = Kills in this place as a percentage of kills in entire the game.
 B = Kills by you in this place as a percentage of kills by you in the entire game.
 C = Kills by friends in this place as a percentage of kills by friends in the entire game.
 D = Other kills in this place as a percentage of other kills in the entire game.
 E = Experience gained in this place as a percentage of experience gained in the entire game.
 F = Experience gained in this place divided by the number of levels of this place that you have seen.
                   A       B       C       D       E      F
               +-------+-------+-------+-------+-------+----------------------
         Total | 100.0 | 100.0 |  -nan |  -nan | 100.0 |   2.0
       Dungeon | 100.0 | 100.0 |  -nan |  -nan | 100.0 |   2.0
               +-------+-------+-------+-------+-------+----------------------
